AoeStats
← NoWallNoSkill5578

Nomad

508180281Analyzed
4v4 RM · 9d ago on Sep 21, 2026· 29m 7s· 8 players
Game mode
Random Map
Map size
231×231
Population
200
Speed
Normal
Resources
Standard
Victory
Conquest
Starting age
Dark Age
Ending age
Imperial Age
RankedLock teamsTeams togetherTeam positionsShared explorationLock speedFull tech treeHidden civsTurbo modeCheats
Victory
Defeat
🇨🇳 Saracens · China
1445
+11
🇨🇳 Japanese · China
1412
+12
🇨🇳 Wei · China
1409
+12
🇨🇳 Vietnamese · China
1265
+17
🇧🇩 Chinese · Bangladesh
1366
-15
🇻🇳 Spanish · Vietnam
1320
-13
🇫🇷 Celts · France
1318
-13
🇫🇷 Burgundians · France
1277
-11
Léon gontran
8:45 Fishing Lines
14:07 Feudal Age
14:09 Gold Mining
16:05 Fletching
16:16 Padded Archer Armor
16:21 Double-Bit Axe
21:02 Castle Age
21:51 Bodkin Arrow
22:50 Wheelbarrow
25:19 Bow Saw
26:50 Gold Shaft Mining
26:58 Pikeman
27:42 Scale Mail Armor
28:37 Squires
28:56 Chain Mail Armor
NoWallNoSkill5578
8:49 Loom
15:00 Feudal Age
15:45 Double-Bit Axe
16:14 Gold Mining
18:26 Castle Age
17:14 Forging
16:57 Fishing Lines
18:33 Scale Barding Armor
18:37 Light Cavalry
19:42 Bow Saw
20:24 Medium Warships
20:43 Stone Mining
22:17 Iron Casting
21:44 Town Watch
22:35 Wheelbarrow
25:29 Hand Cart
25:48 Pikeman
26:30 Scale Mail Armor
26:32 Horse Collar
27:32 Chain Mail Armor
Gunslinger
8:07 Loom
15:36 Feudal Age
16:28 Double-Bit Axe
16:57 Stone Mining
17:01 Gold Mining
20:55 Castle Age
19:29 Fletching
19:39 Padded Archer Armor
22:08 Bow Saw
Vince
7:38 Loom
14:26 Feudal Age
18:23 Castle Age
17:10 Double-Bit Axe
19:25 Bow Saw
19:54 Wheelbarrow
22:36 Fletching
毛毛鸡
4:49 Loom
13:39 Feudal Age
17:40 Castle Age
16:34 Double-Bit Axe
16:41 Horse Collar
17:22 Scale Barding Armor
18:13 Gold Mining
18:47 Chain Barding Armor
27:44 Bloodlines
真的很弱
13:41 Feudal Age
12:56 Loom
17:26 Castle Age
15:55 Town Watch
16:02 Double-Bit Axe
16:35 Fishing Lines
16:39 Horse Collar
18:19 Scale Barding Armor
19:00 Gold Mining
21:06 Gillnets
22:31 Bow Saw
23:50 Forging
25:38 Chain Barding Armor
26:45 Iron Casting
28:26 Wheelbarrow
28:49 Heavy Plow
雀巢阿帆
4:59 Loom
13:06 Feudal Age
17:17 Castle Age
18:36 Double-Bit Axe
19:55 Scale Mail Armor
20:05 Forging
25:53 Horse Collar
卢本伟
4:12 Loom
14:05 Feudal Age
19:38 Castle Age
18:59 Wheelbarrow
25:51 Double-Bit Axe
26:29 Hand Cart
28:45 Fletching
28:56 Padded Archer Armor
Connection lost

Rejoining the realm…

Still unreachable

The connection could not be restored.

Session expired

The server has moved on; the page needs a fresh start.